 Dungeon Crawl Stone Soup version 0.22-a0-479-gc6e99f3 (webtiles) character file.

14 Tallim the Grave Robber (level 2, 22/22 HPs)
             Began as a Hill Orc Necromancer on June 14, 2018.
             Quit the game on level 1 of the Dungeon.
             The game lasted 00:04:50 (984 turns).

Tallim the Grave Robber (Hill Orc Necromancer)       Turns: 984, Time: 00:04:51

Health: 22/22      AC:  3    Str: 10    XL:     2   Next: 45%
Magic:  4/4        EV: 11    Int: 15    God:
Gold:   63         SH:  0    Dex: 11    Spells: 2/4 levels left

rFire    . . .     SeeInvis .   f - +0 hunting sling
rCold    . . .     Gourm    .   (no shield)
rNeg     . . .     Faith    .   e - +0 leather armour
rPois    .         Spirit   .   (no helmet)
rElec    .         Reflect  .   (no cloak)
rCorr    .         Harm     .   (no gloves)
MR       .....                  (no boots)
Stlth    +.........             (no amulet)
HPRegen  0.07/turn              (no ring)
MPRegen  0.09/turn              (no ring)

@: no status effects
A: no striking features
a: no special abilities


You were on level 1 of the Dungeon.
You were hungry.

You visited 1 branch of the dungeon, and saw 1 of its levels.

You collected 63 gold pieces.

Inventory:

Hand Weapons
 f - a +0 hunting sling (weapon)
Missiles
 b - 71 stones
 h - 5 tomahawks (quivered)
Armour
 a - a +0 robe
 e - a +0 leather armour (worn)
Jewellery
 d - a cursed +3 ring of strength {unknown}
Scrolls
 i - a scroll of remove curse {unknown}
 j - a scroll of identify {unknown}
 k - a scroll of fear {unknown}
 l - a scroll of fog {unknown}
 o - a scroll of enchant armour {unknown}
Potions
 g - a potion of might {unknown}
 m - a potion of cancellation {unknown}
 n - a potion of resistance {unknown}
Comestibles
 c - 5 rations


   Skills:
 * Level 0.6 Fighting
 + Level 0.4 Throwing
 - Level 1.5 Dodging
 - Level 1.5 Stealth
 - Level 1.5 Spellcasting
 + Level 4.4 Necromancy


You had 2 spell levels left.
You knew the following spells:

 Your Spells              Type           Power        Failure   Level  Hunger
a - Pain                  Necr           ##..         5%          1    ##.....
b - Animate Skeleton      Necr           N/A          5%          1    ##.....

Your spell library contained the following spells:

 Spells                   Type           Power        Failure   Level  Hunger
 Animate Dead             Necr           N/A          45%         4    #####..
 Vampiric Draining        Necr           ##........   16%         3    ####...
 Regeneration             Chrm/Necr      #.........   36%         3    ####...


Dungeon Overview and Level Annotations

Branches:
Dungeon (1/15)

Altars:


Message History

You throw a tomahawk. The tomahawk hits the bat!
You kill the bat!
h - 3 tomahawks (gained 1)
You see here a bat corpse.
h - 6 tomahawks (gained 3) Fire/throw which item? (* to show all) (? for menu, Esc to quit)
Press: ? - help, Shift-Dir - straight line
Okay, then.
o - a scroll labeled WOLEXU SUICA You are feeling hungry.
A kobold comes into view. It is wielding a short sword.
Throwing (i - inventory. (/) - cycle)
h - 6 tomahawks (quivered)
Press: ? - help, Shift-Dir - straight line, f - kobold
Aim: a kobold, wielding a short sword (resting)
You throw a tomahawk. The tomahawk hits the kobold.
The kobold shouts!
The kobold is severely wounded.
Quiver which item? (- for none, * to show all) (? for menu, Esc to quit)
Okay, then.
Are you sure you want to abandon this character and quit the game? (Confirm with "yes".)

#.# #.# #.# #.# #.#
#.# #.# #.# #.# #.#
#.# #.### #.# #...#
#.############.#####
#..@....K.( #......
#.######### #######
###


You could see a kobold.

Vanquished Creatures
  A dart slug (D:1)
  A giant cockroach (D:1)
  A hobgoblin (D:1)
  2 bats (D:1)
  A frilled lizard (D:1)
  2 goblins (D:1)
  5 kobolds (D:1)
  A rat (D:1)
14 creatures vanquished.

Notes
Turn   | Place    | Note
-------+----------+-------------------------------------------
     0 | D:1      | Tallim the Hill Orc Necromancer began the quest for the Orb.
     0 | D:1      | Reached XP level 1. HP: 14/14 MP: 3/3
   386 | D:1      | Reached XP level 2. HP: 10/20 MP: 0/4
   487 | D:1      | Learned a level 1 spell: Animate Skeleton
   984 | D:1      | Quit the game

Vault maps used:
D:1:      dpeg_arrival_renting, minmay_tetromino_o4

Action                   || total
-------------------------++-------
Melee: Unarmed           ||     7
Throw: Tomahawk          ||    16
 Cast: Pain              ||    15
       Animate Skeleton  ||     1
Armor: Leather armour    ||     7
Dodge: Dodged            ||    14

Table legend:
 A = Spawn XP
 B = Non-spawn XP
 C = Spawn XP percentage of total XP
 D = Spawn monster count
 E = Non-spawn monster count
 F = Spawn count percentage of total count
 G = Total turns spent on level
                    A         B        C        D         E        F      G
               +---------+---------+-------+---------+---------+-------+---------
         Total |       0 |      21 |   0.0 |       0 |      14 |   0.0 |   984
               +---------+---------+-------+---------+---------+-------+---------
           D:1 |       0 |      21 |   0.0 |       0 |      14 |   0.0 |   984
               +---------+---------+-------+---------+---------+-------+---------
